APP
BLUEFIELD BLUE JAYS @ PRINCETON RAYS
08/10/2099
 
TOP OF THE 1ST
Bluefield Blue Jays batting - Pitching for Princeton Rays : RHP Tony Severs
Pitching: RHP Tony Severs
Batting: LHB Bobby Howell 0-0: Ball
1-0: Ball
2-0: Called Strike
2-1: Ball
3-1: Base on Balls
Batting: RHB Jorge de la Mora 0-0: Foul Ball, location: 2F
0-1: Ball
1-1: Foul Ball, location: 7LSF
1-2: Foul Ball, location: 2F
1-2: Strikes out swinging
Batting: RHB Hector Contreras 0-0: Foul Ball, location: 5F
0-1: Ball
1-1: Fly out, F7 (Flyball, 78M, EV 88.1 MPH)
Batting: RHB Guillermo Naranjo 0-0: Ball
1-0: Ball
2-0: Called Strike
2-1: Foul Ball, location: 9LDF
2-2: Strikes out swinging
Top of the 1st over - 0 runs, 0 hits, 0 errors, 1 left on base; Bluefield 0 - Princeton 0
BOTTOM OF THE 1ST
Princeton Rays batting - Pitching for Bluefield Blue Jays : RHP Roberto Ramirez
Pitching: RHP Roberto Ramirez
Batting: LHB Ian Gordon 0-0: Called Strike
0-1: SOLO HOME RUN (Flyball, 78XD, EV 101.3 MPH), Distance : 410 ft
Batting: RHB John Morgan 0-0: Ball
1-0: Ball
2-0: Swinging Strike
2-1: Swinging Strike
2-2: Reached on error, E6 (Groundball, 6, EV 90.0 MPH)
Batting: RHB Danny Arango 0-0: Ball
1-0: Foul Ball, location: 3F
1-1: Ball
2-1: Ball
3-1: Fly out, F7 (Flyball, 7S, EV 75.0 MPH)
Batting: RHB Daniel Silva 0-0: Called Strike
0-1: Foul Ball, location: 3F
0-2: Foul Ball, location: 25F
0-2: Grounds into double play, 6-4-3 (Groundball, 6, EV 102.5 MPH)
Bottom of the 1st over - 1 run, 1 hit, 1 error, 0 left on base; Bluefield 0 - Princeton 1
TOP OF THE 2ND
Bluefield Blue Jays batting - Pitching for Princeton Rays : RHP Tony Severs
Batting: RHB Gabriel Puga 0-0: Called Strike
0-1: Ball
1-1: Fly out, F9 (Flyball, 9D, EV 91.9 MPH)
Batting: RHB Cherles Vinhs 0-0: Ball
1-0: Called Strike
1-1: Ground out 5-3 (Groundball, 56, EV 101.3 MPH)
Batting: RHB Kyle Cole 0-0: Ball
1-0: SINGLE (Groundball, 34D, EV 108.1 MPH)
Batting: RHB Adrian Evans 0-0: Ball
1-0: Called Strike
1-1: Foul Ball, location: 9LMF
1-2: Strikes out swinging
Top of the 2nd over - 0 runs, 1 hit, 0 errors, 1 left on base; Bluefield 0 - Princeton 1
BOTTOM OF THE 2ND
Princeton Rays batting - Pitching for Bluefield Blue Jays : RHP Roberto Ramirez
Batting: RHB Micah Holbert 0-0: Ball
1-0: Called Strike
1-1: Ball
2-1: Ground out 4-3 (Groundball, 4, EV 85.6 MPH)
Batting: SHB Tim Eugster 0-0: Ball
1-0: Ball
2-0: Foul Ball, location: 3F
2-1: Foul Ball, location: 5F
2-2: Ball
3-2: Base on Balls
Batting: LHB Manny Seay 0-0: Ball
1-0: Foul Ball, location: 9LMF
1-1: Ball
2-1: Foul Ball, location: 2F
2-2: Ball
3-2: Fly out, F7 (Line Drive, 78M, EV 96.9 MPH)
Batting: RHB Barry Ayala 0-0: Ball
1-0: Ball
2-0: Foul Ball, location: 2F
2-1: Foul Ball, location: 9LSF
2-2: Foul Ball, location: 5F
2-2: Strikes out swinging
Bottom of the 2nd over - 0 runs, 0 hits, 0 errors, 1 left on base; Bluefield 0 - Princeton 1
TOP OF THE 3RD
Bluefield Blue Jays batting - Pitching for Princeton Rays : RHP Tony Severs
Batting: RHB Lance Box 0-0: Called Strike
0-1: Ball
1-1: Ball
2-1: Ball
3-1: Called Strike
3-2: SINGLE (Line Drive, 4M, EV 101.3 MPH)
Batting: LHB Bobby Howell 0-0: Swinging Strike
0-1: Foul Ball, location: 7LDF
0-2: Grounds into double play, 4-6-3 (Groundball, 4, EV 86.3 MPH)
Batting: RHB Jorge de la Mora 0-0: Called Strike
0-1: Ball
1-1: Ball
2-1: Swinging Strike
2-2: Strikes out looking
Top of the 3rd over - 0 runs, 1 hit, 0 errors, 0 left on base; Bluefield 0 - Princeton 1
BOTTOM OF THE 3RD
Princeton Rays batting - Pitching for Bluefield Blue Jays : RHP Roberto Ramirez
Batting: LHB Troy Howard 0-0: Ground out 3-1 (Groundball, 34, EV 107.5 MPH)
Batting: LHB Ian Gordon 0-0: Foul Ball, location: 2F
0-1: Foul Ball, location: 2F
0-2: Ball
1-2: Ball
2-2: Ball
3-2: Fly out, F9 (Flyball, 9, EV 96.3 MPH)
Batting: RHB John Morgan 0-0: Foul Ball, location: 9LMF
0-1: Fly out, F9 (Flyball, 89M, EV 93.8 MPH)
Bottom of the 3rd over - 0 runs, 0 hits, 0 errors, 0 left on base; Bluefield 0 - Princeton 1
TOP OF THE 4TH
Bluefield Blue Jays batting - Pitching for Princeton Rays : RHP Tony Severs
Batting: RHB Hector Contreras 0-0: Ball
1-0: SINGLE (Line Drive, 56D, EV 101.3 MPH)
Batting: RHB Guillermo Naranjo 0-0: Called Strike
0-1: Fly out, F9 (Flyball, 9D, EV 105.6 MPH)
Batting: RHB Gabriel Puga 0-0: Ball
1-0: Foul Ball, location: 9LSF
1-1: SINGLE (Groundball, 34, EV 104.4 MPH)
Hector Contreras to second
Runner from 2nd tries for 3rd, SAFE, no throw by RF
Batting: RHB Cherles Vinhs 0-0: Ball
1-0: Called Strike
1-1: Swinging Strike
1-2: Grounds into double play, 5-4-3 (Groundball, 56, EV 96.9 MPH)
Top of the 4th over - 0 runs, 2 hits, 0 errors, 1 left on base; Bluefield 0 - Princeton 1
BOTTOM OF THE 4TH
Princeton Rays batting - Pitching for Bluefield Blue Jays : RHP Roberto Ramirez
Batting: RHB Danny Arango 0-0: Swinging Strike
0-1: Swinging Strike
0-2: DOUBLE (Line Drive, 9LS, EV 111.9 MPH)
Batting: RHB Daniel Silva 0-0: Called Strike
0-1: Fly out, F8 (Line Drive, 8RD, EV 99.4 MPH)
Batting: RHB Micah Holbert 0-0: Ball
1-0: Called Strike
1-1: Ball
2-1: Called Strike
2-2: Strikes out swinging
Batting: SHB Tim Eugster 0-0: Called Strike
0-1: Ball
1-1: Ball
2-1: 2-RUN HOME RUN (Flyball, 89XD, EV 100.6 MPH), Distance : 431 ft
Batting: LHB Manny Seay 0-0: Called Strike
0-1: Foul Ball, location: 2F
0-2: Ground out 4-3 (Groundball, 4, EV 91.3 MPH)
Bottom of the 4th over - 2 runs, 2 hits, 0 errors, 0 left on base; Bluefield 0 - Princeton 3
TOP OF THE 5TH
Bluefield Blue Jays batting - Pitching for Princeton Rays : RHP Tony Severs
Batting: RHB Kyle Cole 0-0: Called Strike
0-1: Foul Ball, location: 2F
0-2: SINGLE (Groundball, 6D, EV 97.5 MPH)
Batting: RHB Adrian Evans 0-0: Ball
1-0: Ball
2-0: Foul Ball, location: 9LMF
2-1: Foul Ball, location: 9LDF
2-2: Ball
3-2: Foul Ball, location: 2RF
3-2: Foul Ball, location: 2F
3-2: Foul Ball, location: 7LMF
3-2: Base on Balls
Kyle Cole to second
Batting: RHB Lance Box 0-0: Grounds into double play, 5-4-3 (Groundball, 5S, EV 92.5 MPH)
Kyle Cole to third
Batting: LHB Bobby Howell 0-0: Foul Ball, location: 2RF
0-1: Swinging Strike
0-2: Strikes out swinging
Top of the 5th over - 0 runs, 1 hit, 0 errors, 1 left on base; Bluefield 0 - Princeton 3
BOTTOM OF THE 5TH
Princeton Rays batting - Pitching for Bluefield Blue Jays : RHP Roberto Ramirez
Batting: RHB Barry Ayala 0-0: Ball
1-0: Ground out 5-3 (Groundball, 56, EV 102.5 MPH)
Batting: LHB Troy Howard 0-0: Called Strike
0-1: Swinging Strike
0-2: Ball
1-2: SOLO HOME RUN (Flyball, 9LD, EV 96.3 MPH), Distance : 363 ft
Batting: LHB Ian Gordon 0-0: Ball
1-0: Ball
2-0: Ball
3-0: Base on Balls
Batting: RHB John Morgan 0-0: Foul Ball, location: 5F
0-1: Ball
1-1: SINGLE (Groundball, 4M, EV 88.8 MPH)
Ian Gordon to second
Batting: RHB Danny Arango 0-0: Ball
1-0: Called Strike
1-1: Fly out, F9 (Flyball, 9D, EV 100.0 MPH)
Runner from 2nd tags up, SAFE at 3rd, no throw by RF
Batting: RHB Daniel Silva 0-0: Ball
1-0: Fly out, F9 (Flyball, 89S, EV 91.3 MPH)
Bottom of the 5th over - 1 run, 2 hits, 0 errors, 2 left on base; Bluefield 0 - Princeton 4
TOP OF THE 6TH
Bluefield Blue Jays batting - Pitching for Princeton Rays : RHP Tony Severs
Batting: RHB Jorge de la Mora 0-0: Ball
1-0: Called Strike
1-1: Ball
2-1: Ball
3-1: Fly out, F2 (Popup, 23F, EV 83.1 MPH)
Batting: RHB Hector Contreras 0-0: SINGLE (Flyball, 78S, EV 87.5 MPH)
Batting: RHB Guillermo Naranjo 0-0: Called Strike
0-1: SINGLE (Line Drive, 4D, EV 100.0 MPH)
Hector Contreras to second
Pitching: RHP Rafael Alonzo
Batting: RHB Gabriel Puga 0-0: Hit by Pitch
Hector Contreras to third
Guillermo Naranjo to second
Batting: RHB Cherles Vinhs 0-0: Swinging Strike
0-1: Ball
1-1: Swinging Strike
1-2: Foul Ball, location: 5SF
1-2: Strikes out looking
Batting: RHB Kyle Cole 0-0: Foul Ball, location: 2F
0-1: Swinging Strike
0-2: Foul Ball, location: 3FF
0-2: Ball
1-2: Foul Ball, location: 9LDF
1-2: Foul Ball, location: 5F
1-2: Strikes out looking
Top of the 6th over - 0 runs, 2 hits, 0 errors, 3 left on base; Bluefield 0 - Princeton 4
BOTTOM OF THE 6TH
Princeton Rays batting - Pitching for Bluefield Blue Jays : RHP Roberto Ramirez
Pitching: RHP Victor Gilbert
Batting: RHB Micah Holbert 0-0: SINGLE (Line Drive, 9S, EV 95.0 MPH)
Batting: SHB Tim Eugster 0-0: Called Strike
0-1: Ball
1-1: Ball
2-1: Ball
3-1: Foul Ball, location: 5DF
3-2: Foul Ball, location: 7LDF
3-2: Strikes out swinging
Batting: LHB Manny Seay 0-0: Called Strike
0-1: Ball
1-1: Foul Ball, location: 7LMF
1-2: Ball
2-2: Strikes out swinging
Batting: RHB Barry Ayala 0-0: Foul Ball, location: 25FF
0-1: Ball
1-1: Fly out, F8 (Flyball, 8RM, EV 91.9 MPH)
Bottom of the 6th over - 0 runs, 1 hit, 0 errors, 1 left on base; Bluefield 0 - Princeton 4
TOP OF THE 7TH
Bluefield Blue Jays batting - Pitching for Princeton Rays : RHP Rafael Alonzo
Pinch Hitting: RHB Victor Mazariegos 0-0: Ball
1-0: Called Strike
1-1: Swinging Strike
1-2: Ball
2-2: SINGLE (Line Drive, 7LS, EV 105.0 MPH)
Batting: RHB Lance Box 0-0: Called Strike
0-1: Ball
1-1: Foul Ball, location: 3SF
1-2: Strikes out swinging
Batting: LHB Bobby Howell 0-0: Ball
1-0: Ball
2-0: Called Strike
2-1: Grounds into double play, 6-4-3 (Groundball, 56, EV 92.5 MPH)
Top of the 7th over - 0 runs, 1 hit, 0 errors, 0 left on base; Bluefield 0 - Princeton 4
BOTTOM OF THE 7TH
Princeton Rays batting - Pitching for Bluefield Blue Jays : RHP Victor Gilbert
Now at 3B: Damien Giolitti
Batting: LHB Troy Howard 0-0: Ball
1-0: Called Strike
1-1: Foul Ball, location: 3FF
1-2: Ball
2-2: Strikes out swinging
Batting: LHB Ian Gordon 0-0: Foul Ball, location: 5DF
0-1: Ball
1-1: Foul Ball, location: 2F
1-2: SINGLE (Groundball, 6MD, EV 103.8 MPH)
Batting: RHB John Morgan 0-0: Ball
1-0: Called Strike
1-1: Swinging Strike
1-2: Ball
2-2: Strikes out looking
Pitching: RHP Edwin Perez
Batting: RHB Danny Arango 0-0: Foul Ball, location: 9LMFF
0-1: Ground out 6-3 (Groundball, P, EV 86.3 MPH)
Bottom of the 7th over - 0 runs, 1 hit, 0 errors, 1 left on base; Bluefield 0 - Princeton 4
TOP OF THE 8TH
Bluefield Blue Jays batting - Pitching for Princeton Rays : RHP Rafael Alonzo
Batting: RHB Jorge de la Mora 0-0: Called Strike
0-1: Ball
1-1: Ball
2-1: Foul Ball, location: 2F
2-2: Ball
3-2: Strikes out swinging
Batting: RHB Hector Contreras 0-0: Ball
1-0: Fly out, F8 (Flyball, 8RD, EV 95.6 MPH)
Batting: RHB Guillermo Naranjo 0-0: Ground out 6-3 (Groundball, 6S, EV 83.8 MPH)
Top of the 8th over - 0 runs, 0 hits, 0 errors, 0 left on base; Bluefield 0 - Princeton 4
BOTTOM OF THE 8TH
Princeton Rays batting - Pitching for Bluefield Blue Jays : RHP Edwin Perez
Batting: RHB Daniel Silva 0-0: Ball
1-0: SINGLE (Groundball, 4MD, EV 94.4 MPH)
Batting: RHB Micah Holbert 0-0: Fly out, F7 (Line Drive, 7S, EV 93.1 MPH)
Batting: SHB Tim Eugster 0-0: Grounds into double play, 4-6-3 (Groundball, 4M, EV 87.5 MPH)
Bottom of the 8th over - 0 runs, 1 hit, 0 errors, 0 left on base; Bluefield 0 - Princeton 4
TOP OF THE 9TH
Bluefield Blue Jays batting - Pitching for Princeton Rays : RHP Rafael Alonzo
Pitching: RHP Ryan Miller
Batting: RHB Gabriel Puga 0-0: Ball
1-0: Called Strike
1-1: Ball
2-1: Called Strike
2-2: Fly out, F9 (Flyball, 89M, EV 81.3 MPH)
Batting: LHB Mario Rosario 0-0: Fly out, F6 (Popup, 6MD, EV 53.8 MPH)
Batting: RHB Kyle Cole 0-0: Called Strike
0-1: Called Strike
0-2: Ball
1-2: Ball
2-2: Ball
3-2: Foul Ball, location: 2F
3-2: Foul Ball, location: 2F
3-2: Base on Balls
Pinch Hitting: RHB Alex Williams 0-0: Ball
1-0: Foul Ball, location: 9LMF
1-1: Ball
2-1: Swinging Strike
2-2: Foul Ball, location: 9LDF
2-2: Strikes out swinging
Top of the 9th over - 0 runs, 0 hits, 0 errors, 1 left on base; Bluefield 0 - Princeton 4
Tuesday, May 14th , 2024 - OOTP Baseball 24.11 Build 85